 Dungeon Crawl Stone Soup version 0.25.1-2-g60ff931df9 (webtiles) character file.

Game seed: 749621928044589174

721 protoss039 the Shield-Bearer (level 7, -6/60 HPs)
             Began as a Gnoll Fighter on Aug 2, 2020.
             Mangled by Pikel
             ... wielding a +1 whip of electrocution
              (19 damage)
             ... on level 4 of the Dungeon.
             The game lasted 00:06:19 (2886 turns).

protoss039 the Shield-Bearer (Gnoll Fighter)        Turns: 2886, Time: 00:06:19

Health: -6/60      AC: 13    Str: 20    XL:     7   Next: 70%
Magic:  10/10      EV:  6    Int: 16    God:
Gold:   78         SH: 11    Dex: 15    Spells: 11/11 levels left

rFire    . . .     SeeInvis .   a - +0 war axe
rCold    . . .     Gourm    .   c - +0 kite shield
rNeg     . . .     Faith    .   n - +0 plate armour
rPois    .         Spirit   .   (no helmet)
rElec    .         Reflect  .   (no cloak)
rCorr    .         Harm     .   (no gloves)
MR       .....                  (no boots)
Stlth    ..........             (no amulet)
HPRegen  0.20/turn              o - +6 ring of intelligence
MPRegen  0.12/turn              (no ring)

@: mighty
A: distributed training, fangs 1, strong nose
a: no special abilities


You were on level 4 of the Dungeon.
You were not hungry.

You visited 1 branch of the dungeon, and saw 4 of its levels.

You collected 78 gold pieces.

Inventory:

Hand Weapons
 a - a +0 war axe (weapon)
Armour
 c - a +0 kite shield (worn)
 n - a +0 plate armour (worn)
Jewellery
 o - a +6 ring of intelligence (left hand)
Wands
 s - a wand of random effects (15)
Scrolls
 g - 2 scrolls of magic mapping {unknown}
 j - 3 scrolls of remove curse
 k - a scroll of fog {unknown}
 l - 2 scrolls of identify {unknown}
 r - a scroll of enchant armour {unknown}
 u - a scroll of enchant weapon {unknown}
Potions
 b - a potion of curing {unknown}
 d - a potion of might
 e - a potion of mutation {unknown}
 h - a potion of flight {unknown}
 i - a potion of stabbing {unknown}
 m - 3 potions of degeneration {unknown}
 q - a potion of brilliance {unknown}
 t - a potion of berserk rage {unknown}
Comestibles
 f - 9 rations
 p - 2 chunks of flesh


   Skills:
 + Level 7.1 Fighting
 + Level 2.6 Short Blades
 + Level 2.6 Long Blades
 + Level 5.3 Axes
 + Level 2.6 Maces & Flails
 + Level 2.6 Polearms
 + Level 2.6 Staves
 + Level 2.6 Slings
 + Level 2.6 Bows
 + Level 2.6 Crossbows
 + Level 2.6 Throwing
 + Level 7.1 Armour
 + Level 2.6 Dodging
 + Level 2.6 Stealth
 + Level 7.1 Shields
 + Level 2.6 Unarmed Combat
 + Level 2.6 Spellcasting
 + Level 2.1 Conjurations
 + Level 2.1 Hexes
 + Level 2.1 Charms
 + Level 2.1 Summonings
 + Level 2.1 Necromancy
 + Level 2.1 Translocations
 + Level 2.1 Transmutations
 + Level 2.1 Fire Magic
 + Level 2.1 Ice Magic
 + Level 2.1 Air Magic
 + Level 2.1 Earth Magic
 + Level 2.1 Poison Magic
 + Level 2.9 Invocations
 + Level 2.6 Evocations


You had 11 spell levels left.
You didn't know any spells.
Your spell library was empty.

Dungeon Overview and Level Annotations

Branches:
Dungeon (4/15)
 Temple: D:4-7

Altars:

Annotations:
D:4 Blork the orc, Pikel


Innate Abilities, Weirdness & Mutations

Your experience applies equally to all skills.
You have very sharp teeth.
Your uncanny sense of smell can sniff out nearby items.


Message History

That felt strangely unrewarding.
You hit the slave. You miss the slave. You slash the slave!
The worker ant waves its antennae.
You block the slave's attack. The slave hits you but does no damage.
Pikel hits you but does no damage. You block the slave's attack.
Blork the orc hits you with a +1 vorpal hand axe.
* * * LOW HITPOINT WARNING * * *
x2 Unknown command.
Unknown command.
You closely miss Pikel.
Pikel is moderately wounded.
You slash Blork the orc! You slash the orc!
You kill the orc!
You hit the slave. You slash the slave!
You kill the slave!
That felt strangely unrewarding.
You slash the slave!
You kill the slave!
That felt strangely unrewarding.
Pikel hits you but does no damage.
You are electrocuted!!
You die...

##............
#>.............
#..............
##............
##..........#
##.......# ∆
#.......### ∆
#.........###
....
#....@p.....#
..... ∆
.......Koa.....#
......
................
......
.....##..........
...>........
###........
............
.........
...........#
.....)...
...........#
.........
.......(...#


You could see Pikel, Blork the orc, a slave and a worker ant.

Vanquished Creatures
  Grinder (D:3)
  Sigmund (D:3)
  3 slaves (D:4)
  A centaur (D:3)
  Natasha (thrice) (D:3)
  2 worker ants (D:4)
  7 adders
  3 worms
  A dart slug (D:2)
  2 leopard geckos (D:3)
  7 orcs
  4 giant cockroaches
  7 goblins
  9 hobgoblins
  13 jackals
  8 kobolds
  6 bats
  3 frilled lizards
  5 rats
86 creatures vanquished.

Notes
Turn   | Place    | Note
-------+----------+-------------------------------------------
     0 | D:1      | protoss039 the Gnoll Fighter began the quest for the Orb.
     0 | D:1      | Reached XP level 1. HP: 23/23 MP: 1/1
    91 | D:1      | Reached XP level 2. HP: 29/29 MP: 2/2
   403 | D:1      | Reached XP level 3. HP: 35/35 MP: 3/3
   739 | D:2      | Reached skill level 1 in Invocations
   792 | D:2      | Reached skill level 1 in Short Blades
   792 | D:2      | Reached skill level 1 in Long Blades
   792 | D:2      | Reached skill level 1 in Maces & Flails
   792 | D:2      | Reached skill level 1 in Polearms
   792 | D:2      | Reached skill level 1 in Staves
   792 | D:2      | Reached skill level 1 in Slings
   792 | D:2      | Reached skill level 1 in Bows
   792 | D:2      | Reached skill level 1 in Crossbows
   792 | D:2      | Reached skill level 1 in Throwing
   792 | D:2      | Reached skill level 1 in Dodging
   792 | D:2      | Reached skill level 1 in Stealth
   792 | D:2      | Reached skill level 1 in Unarmed Combat
   792 | D:2      | Reached skill level 1 in Spellcasting
   792 | D:2      | Reached skill level 1 in Evocations
   832 | D:2      | Reached XP level 4. HP: 41/41 MP: 5/5
  1504 | D:3      | Noticed Natasha
  1516 | D:3      | Killed Natasha
  1516 | D:3      | Reached skill level 1 in Conjurations
  1516 | D:3      | Reached skill level 1 in Hexes
  1516 | D:3      | Reached skill level 1 in Charms
  1516 | D:3      | Reached skill level 1 in Summonings
  1516 | D:3      | Reached skill level 1 in Necromancy
  1516 | D:3      | Reached skill level 1 in Translocations
  1516 | D:3      | Reached skill level 1 in Transmutations
  1516 | D:3      | Reached skill level 1 in Fire Magic
  1516 | D:3      | Reached skill level 1 in Ice Magic
  1516 | D:3      | Reached skill level 1 in Air Magic
  1516 | D:3      | Reached skill level 1 in Earth Magic
  1516 | D:3      | Reached skill level 1 in Poison Magic
  1538 | D:3      | Noticed a centaur
  1551 | D:3      | Killed a centaur
  1551 | D:3      | Reached XP level 5. HP: 17/47 MP: 5/7
  1669 | D:3      | Noticed Natasha
  1677 | D:3      | Killed Natasha
  1773 | D:3      | Noticed Sigmund
  1799 | D:3      | Killed Sigmund
  1799 | D:3      | Reached skill level 5 in Axes
  1799 | D:3      | Reached XP level 6. HP: 53/53 MP: 7/9
  1890 | D:3      | Noticed Natasha
  1898 | D:3      | Killed Natasha
  2087 | D:3      | Reached XP level 7. HP: 47/59 MP: 10/10
  2449 | D:3      | Noticed Grinder
  2459 | D:3      | Killed Grinder
  2877 | D:4      | Noticed Pikel
  2878 | D:4      | Noticed Blork the orc
  2886 | D:4      | Mangled by Pikel

Illustrated notes

Levels and vault maps discovered:
D:1:      lightli_arrival_lavapool, layout_loops_cross
D:2:      layout_loops_ring, minivault_11
D:3:      layout_loops_ring, uniq_sigmund, uniq_natasha, uniq_grinder
D:4:      layout_cave_pods, first_ration, minivault_19, uniq_pikel,
          uniq_duvessa, uniq_blork_the_orc

Skill      XL: |  1  2  3  4  5  6  7 |
---------------+----------------------+-----
Invocations    | 1 2 |  2.9
Short Blades   | 1 2 |  2.6
Long Blades    | 1 2 |  2.6
Maces & Flails | 1 2 |  2.6
Polearms       | 1 2 |  2.6
Staves         | 1 2 |  2.6
Slings         | 1 2 |  2.6
Bows           | 1 2 |  2.6
Crossbows      | 1 2 |  2.6
Throwing       | 1 2 |  2.6
Dodging        | 1 2 |  2.6
Stealth        | 1 2 |  2.6
Unarmed Combat | 1 2 |  2.6
Spellcasting   | 1 2 |  2.6
Evocations     | 1 2 |  2.6
Conjurations   | 1 2 |  2.1
Hexes          | 1 2 |  2.1
Charms         | 1 2 |  2.1
Summonings     | 1 2 |  2.1
Necromancy     | 1 2 |  2.1
Translocations | 1 2 |  2.1
Transmutations | 1 2 |  2.1
Fire Magic     | 1 2 |  2.1
Ice Magic      | 1 2 |  2.1
Air Magic      | 1 2 |  2.1
Earth Magic    | 1 2 |  2.1
Poison Magic   | 1 2 |  2.1
Axes           | 5 |  5.3
Fighting       | 7 |  7.1
Armour         | 7 |  7.1
Shields        | 7 |  7.1

Action                   |  1- 3 |  4- 6 |  7- 9 || total
-------------------------+-------+-------+-------++-------
Melee: War axe           |    95 |   106 |    53 ||   254
       Bite              |     7 |    15 |    10 ||    32
  Use: Scroll            |       |       |     1 ||     1
       Potion            |       |       |     1 ||     1
  Eat: Chunk             |       |     4 |     3 ||     7
Armor: Scale mail        |    37 |     9 |       ||    46
       Plate armour      |       |    51 |    39 ||    90
Dodge: Dodged            |    21 |    24 |     8 ||    53
Block: Kite shield       |    50 |    60 |    36 ||   146
